 Dungeon Crawl Stone Soup version 0.31-a0-876-gfe8ebadbca (webtiles) character file.

Game seed: 13506076346269774805

4182 Gargoyl the Cleaver (level 10, -7/59 (60) HPs)
             Began as a Gargoyle Berserker on Oct 14, 2023.
             Was an Elder of Trog.
             Mangled by Psyche
             ... wielding a +4 dagger of distortion
              (22 damage)
             ... on level 9 of the Dungeon.
             The game lasted 00:09:10 (5962 turns).

Gargoyl the Cleaver (Gargoyle Berserker)            Turns: 5962, Time: 00:09:10

HP:   -7/59 (60)    AC: 19    Str: 21    XL:     10   Next: 28%
MP:   10/10         EV: 15    Int:  8    God:    Trog [****..]
Gold: 228           SH: 10    Dex: 13    Spells: 9/9 levels left

rFire   . . .        B - +0 broad axe (drain)
rCold   + . .        i - +0 kite shield
rNeg    + . .        s - +0 scale mail {rC+}
rPois   ∞            f - +2 helmet
rElec   +            d - scarf {repulsion}
rCorr   .            z - +0 pair of gloves
SInv    .            (no boots)
Will    +....        K - amulet of the acrobat
Stlth   +            I - +5 ring of evasion
HPRegen 0.29/turn    h - ring of willpower
MPRegen 0.12/turn

%: repel missiles, acrobat
@: on berserk cooldown, slowed, lightly drained, very slow
A: sickness immunity, AC +7, negative energy resistance 1, electricity
resistance, torment resistance 1, petrification resistance
a: Renounce Religion, Berserk, Trog's Hand, Brothers in Arms


You were on level 9 of the Dungeon.
You worshipped Trog.
Trog was greatly pleased with you.
You visited 1 branch of the dungeon, and saw 9 of its levels.
You also visited: Sewer.

You collected 442 gold pieces.
You spent 214 gold pieces at shops.

Inventory:

Hand Weapons
 a - a +1 hand axe
 A - a +2 hand axe of electrocution
 B - a +0 broad axe of draining (weapon)
Missiles
 D - 2 throwing nets
Armour
 d - a scarf of repulsion (worn)
 f - a +2 helmet (worn)
 i - a +0 kite shield (worn)
 s - a +0 scale mail of cold resistance (worn)
 z - a +0 pair of gloves (worn)
Jewellery
 e - a ring of see invisible
 h - a ring of willpower (right hand)
 p - a ring of positive energy
 I - a +5 ring of evasion (left hand)
 J - a ring of willpower
 K - an amulet of the acrobat (around neck)
Wands
 k - a wand of acid (6)
 y - a wand of flame (10)
 C - a wand of iceblast (14)
 F - a wand of polymorph (6)
Scrolls
 g - a scroll of identify
 l - 2 scrolls of fog
 n - a scroll of immolation
 o - 4 scrolls of teleportation
 r - a scroll of noise
 u - a scroll of revelation {unknown}
 x - a scroll of poison
 G - 2 scrolls of enchant armour
Potions
 b - 4 potions of enlightenment
 c - a potion of resistance
 j - 2 potions of ambrosia
 m - a potion of berserk rage
 q - a potion of heal wounds
 t - 7 potions of haste
 v - 4 potions of curing {unknown}
 w - a potion of lignification {unknown}
 E - 3 potions of might {unknown}
 H - a potion of magic {unknown}


   Skills:
 + Level 5.7 Fighting
 + Level 8.2 Axes
 * Level 7.5 Armour
 * Level 4.7 Dodging
 + Level 1.9 Stealth
 * Level 7.4 Shields


You had 9 spell levels left.
You didn't know any spells.
Your spell library was empty.

Dungeon Overview and Level Annotations

Branches:
Dungeon (9/15)             Temple (0/1) D:7           Sewer (visited)
   Lair: D:8-11         Orc: D:9-12

Altars:
Makhleb

Shops:
D:3 (

Annotations:
D:9 Psyche


Innate Abilities, Weirdness & Mutations

You are immune to sickness and miasma.
Your stone body is resilient. (AC +7)
You are immune to poison.
You resist negative energy. (rN+)
You are resistant to electric shocks. (rElec)
You are resistant to unholy torment.
You are immune to petrification.


Message History

You are exhausted.
You feel yourself slow down. You block Psyche's attack. The orc misses you.
Items here: ( ))) [ †.
You hit Psyche. You drain Psyche.
Psyche is lightly wounded.
You slash the orc!
You kill the orc!
Trog accepts your kill.
You can now call in reinforcements.
You feel the effects of Trog's Hand fading.
Psyche barely misses you. You block Psyche's attack. x2
You closely miss Psyche.
Psyche is lightly wounded.
Psyche completely misses you. Psyche closely misses you.
Unknown command.
You slash Psyche! You drain Psyche.
Psyche is heavily wounded.
Psyche casts a spell.
A swirling arc of seething chaos appears!
The arc of chaos hits you but does no damage.
Psyche mumbles some strange words.
Psyche flickers and vanishes!
Deactivating autopickup; reactivate with Ctrl-A.
You miss something.
Your skin stops crawling.
You feel less strong-willed. Something hits you but does no damage.
Space warps around you. Something hits you. Space warps around you.
Something hits you but does no damage. Space warps around you.
You closely miss something. Something hits you but does no damage.
Space warps horribly around you!!
You hear some strange, mumbled words.
A swirling arc of seething chaos appears!
An arc of chaos appears from out of thin air!
The arc of chaos hits you. You partially resist.
You feel drained.
You barely miss something. Something hits you but does no damage.
Space warps around you. Something hits you. Space warps around you.
* * * LOW HITPOINT WARNING * * *
You block something's attack.
You closely miss something. You block something's attack.
Something hits you but does no damage. Space warps horribly around you!!
You die...

#.#....#### . #.
#.......... . #$
#......#.# #. .
#.#......# ###.#.#
#..##...### #...8+8
#........<# #....
##...#######
#...)######....#
#...{@††.....###
....########..#....#
# ....#.####
##.###.. #[ ... ..
.... .## ..... #.


There were no monsters in sight!

Vanquished Creatures
  Pikel (D:7)
  Maggie (D:6)
  Prince Ribbit (D:7)
  Sigmund (D:6)
  A steam dragon (D:7)
  Menkaure (D:7)
  3 sky beasts
  2 orc warriors
  An ice beast (D:7)
  A black bear (D:5)
  3 ogres
  2 phantoms
  A kobold brigand (D:7)
  A gnoll sergeant (D:8)
  3 bullfrogs
  A scorpion (D:2)
  9 killer bees
  A howler monkey (D:6)
  3 iron imps (D:3)
  A gnoll bouda (D:7)
  4 hounds
  An orc priest (D:3)
  A hell rat (Sewer)
  A sleepcap (D:8)
  5 iguanas
  Ijyb (D:5)
  7 orc wizards
  10 gnolls
  6 adders
  3 river rats (Sewer)
  2 shadow imps
  2 white imps (D:7)
  5 worms
  3 dart slugs
  20 orcs
  6 ball pythons
  9 bats
  10 endoplasms
  5 giant cockroaches
  9 goblins
  4 hobgoblins
  5 jackals
  7 quokkas
  5 frilled lizards
  15 kobolds
  11 rats
195 creatures vanquished.

Notes
Turn   | Place    | Note
-------+----------+-------------------------------------------
     0 | D:1      | Gargoyl the Gargoyle Berserker began the quest for the Orb.
     0 | D:1      | Reached XP level 1. HP: 14/14 MP: 1/1
   178 | D:1      | Reached XP level 2. HP: 16/19 MP: 2/2
   184 | D:1      | Reached skill level 3 in Axes
   802 | D:2      | Reached XP level 3. HP: 24/24 MP: 3/3
   871 | D:2      | Noticed a scorpion
   884 | D:2      | Killed a scorpion
   885 | D:2      | Reached XP level 4. HP: 29/29 MP: 4/4
  1002 | D:2      | Reached ** piety under Trog
  1355 | D:2      | Reached XP level 5. HP: 32/33 MP: 5/5
  1688 | D:3      | Reached skill level 4 in Axes
  1752 | D:3      | Found a faded altar of an unknown god.
  1760 | D:3      | Reached skill level 1 in Shields
  2037 | D:3      | Found a glowing drain.
  2043 | D:3      | Reached XP level 6. HP: 38/38 MP: 6/6
  2056 | Sewer    | Entered a sewer
  2218 | D:3      | Found Dopeteq's Weapon Shop.
  2262 | D:3      | Found a burning altar of Makhleb.
  2436 | D:4      | Reached XP level 7. HP: 43/44 MP: 7/7
  2546 | D:4      | Reached *** piety under Trog
  2765 | D:3      | Bought a +2 hand axe of electrocution for 214 gold pieces
  3112 | D:4      | Identified the +8 whip "Nutob" {protect, Int+3}
  3175 | D:5      | Entered Level 5 of the Dungeon
  3231 | D:5      | Reached skill level 5 in Axes
  3244 | D:5      | Noticed Ijyb
  3257 | D:5      | Killed Ijyb
  3721 | D:6      | Reached XP level 8. HP: 48/48 MP: 8/8
  3836 | D:6      | Noticed Sigmund
  3846 | D:6      | Killed Sigmund
  3847 | D:6      | Reached skill level 5 in Armour
  3904 | D:6      | Noticed Maggie
  3914 | D:6      | Killed Maggie
  3915 | D:6      | Reached skill level 6 in Axes
  3915 | D:6      | Reached skill level 1 in Stealth
  4198 | D:7      | Noticed Menkaure
  4202 | D:7      | Killed Menkaure
  4203 | D:7      | Reached skill level 5 in Fighting
  4234 | D:7      | Reached XP level 9. HP: 54/54 MP: 9/9
  4264 | D:7      | Reached skill level 5 in Shields
  4591 | D:7      | Noticed Prince Ribbit
  4596 | D:7      | Reached skill level 7 in Axes
  4604 | D:7      | Noticed Pikel
  4615 | D:7      | Killed Prince Ribbit
  4633 | D:7      | Killed Pikel
  4729 | D:7      | Found a staircase to the Ecumenical Temple.
  4970 | D:7      | Reached XP level 10. HP: 58/60 MP: 10/10
  5544 | D:8      | Reached skill level 8 in Axes
  5936 | D:9      | Noticed Psyche
  5956 | D:9      | Reached **** piety under Trog
  5962 | D:9      | Mangled by Psyche

Illustrated notes

Levels and vault maps discovered:
D:1:      kennysheep_arrival_forest, layout_loops_ring
D:2:      minmay_alternating_diamond, layout_loops_ring, lightli_corner_chamber
D:3:      layout_rooms, demons_altar, portal_sewer_entry_b, serial_shops, shop,
          hellmonk_ecumenical_altar_crossroads, mrwooster_statue_mirror,
          minmay_diced_spiral
D:4:      minmay_opposing_rooms, layout_cave_pools, kennysheep_minor_cross,
          chequers_serial_rivers_marsh
D:5:      layout_cave_pools, minmay_misc_feat_diagonals, uniq_ijyb
D:6:      layout_cave_pools, chequers_serial_rivers_micro_a,
          chequers_serial_rivers_marsh, uniq_sigmund, uniq_maggie
D:7:      layout_basic, minmay_temple_entry_ruins, uniq_pikel, uniq_menkaure,
          uniq_prince_ribbit1
D:8:      layout_basic
D:9:      cheibrodos_grave_circle, layout_basic, jmf_multi_god_temple2,
          interstate_on_off, minivault_5, uniq_psyche

Skill      XL: |  1  2  3  4  5  6  7  8  9 10 |
---------------+-------------------------------+-----
Axes           | 3 4 5 6 7 8 |  8.2
Fighting       | 4 5 |  5.7
Dodging        | 2 3 4 |  4.7
Armour         | 3 4 6 7 |  7.5
Shields        | 1 2 4 6 7 |  7.4
Stealth        | 1 |  1.9

Action                     |  1- 3 |  4- 6 |  7- 9 | 10-12 || total
---------------------------+-------+-------+-------+-------++-------
  Melee: Hand axe          |    81 |   190 |   143 |       ||   414
         Punch             |     1 |     1 |       |       ||     2
         Broad axe         |       |       |   153 |    82 ||   235
 Invoke: Berserk           |     2 |     5 |     9 |     1 ||    17
         Trog's Hand       |       |     3 |     4 |     1 ||     8
    Use: Scroll            |     1 |     7 |     9 |       ||    17
 Armour: Animal skin       |    31 |       |       |       ||    31
         Ring mail         |    44 |   127 |    63 |       ||   234
         Scale mail        |       |       |   140 |    66 ||   206
         Skin              |       |       |     2 |       ||     2
  Dodge: Dodged            |    67 |    95 |   133 |    69 ||   364
         Repelled          |     1 |     1 |     5 |       ||     7
  Block: Kite shield       |       |    69 |   152 |    64 ||   285

Table legend: (Time is in decaauts)
 A = Elapsed time spent in this place.
 B = Non-inter-level travel time spent in this place.
 C = Inter-level travel time spent in this place.
 D = Time resting spent in this place.
 E = Time spent auto-exploring this place.
 F = Levels seen in this place.
 G = Mean time per level.
                   A        B        C        D        E       F      G
               +--------+--------+--------+--------+--------+-----+--------+
         Total |   6296 |   5990 |    306 |    140 |   3799 |  10 |  629.6 |
       Dungeon |   6123 |   5817 |    306 |    114 |   3758 |   9 |  680.3 |
         Sewer |    172 |    172 |      0 |     25 |     41 |   1 |  172.0 |
               +--------+--------+--------+--------+--------+-----+--------+

Top non-repeatable levels by time:
     D:7: 1180 daAuts
     D:2: 896 daAuts
     D:1: 783 daAuts
     D:4: 764 daAuts
     D:3: 725 daAuts
     D:8: 650 daAuts
     D:5: 555 daAuts
     D:6: 509 daAuts
   Sewer: 172 daAuts
     D:9: 57 daAuts
